 Dungeon Sprint DCSS version 0.20-a0-46-g4a4b873 (webtiles) character file.

3300000 Faca the Conqueror (level 24, -43/249 HPs)
             Began as a Hill Orc Berserker on Nov 14, 2016.
             Annihilated by a bag of meat
             ... wielding a +9 war axe
              (46 damage)
             ... in the Dungeon (Sprint VIII: "Arena of Blood").
             The game lasted 00:04:09 (33 turns).

Faca the Conqueror (Hill Orc Berserker)               Turns: 33, Time: 00:04:14

Health: -43/249    AC:  4    Str: 30    XL:     24   Next: 32%
Magic:  22/54      EV: 27    Int:  7    God:
Gold:   0          SH:  0    Dex: 11    Spells: 0 memorised, 77 levels left

rFire  . . .     SeeInvis .     j - +∞ Axe of Woe
rCold  . . .     Gourm    .     b - +0 animal skin
rNeg   . . .     Faith    .     (shield currently unavailable)
rPois  .         Spirit   .     (no helmet)
rElec  .         Reflect  .     (no cloak)
rCorr  .         Harm     .     (no gloves)
MR     +....     NoTele   +     (no boots)
Stlth  +++++++++.               (no amulet)
                                (no ring)
                                (no ring)

@: no status effects
A: no striking features
a: no special abilities


You were in the Dungeon.
You were not hungry.

You visited 1 branch

Inventory:

Hand Weapons
 a - a +0 spear
 j - the +∞ Axe of Woe (weapon)
   (You found it in the Dungeon)
Missiles
 e - 8 poisoned tomahawks (quivered)
Armour
 b - a +0 animal skin (worn)
Jewellery
 k - a +30 ring of slaying
Scrolls
 i - a scroll of blinking
Potions
 d - a potion of curing
 f - a potion of haste
 g - 2 potions of magic
 h - a potion of berserk rage
Comestibles
 c - a bread ration


   Skills:
 O Level 27 Fighting
 O Level 27 Axes
 O Level 27 Polearms
 O Level 27 Throwing
 O Level 27 Armour
 O Level 27 Dodging
 O Level 27 Stealth
 O Level 27 Unarmed Combat
 O Level 27 Spellcasting


You had 77 spell levels left.
You didn't know any spells.

Dungeon Overview and Level Annotations

Branches:
Dungeon (1/1)

Altars:
Makhleb


Message History

The bag of meat convulses! x2; The large bag of meat convulses!
The bag of meat convulses! x3
The bag of meat is engulfed in roaring flames.
You hear a shout!
An eight-headed meat hydra comes into view.
Things that are here:
a +9 battleaxe; a +30 ring of slaying; a meat berserker corpse
k - a +30 ring of slaying You are engulfed in roaring flames.
* * * LOW HITPOINT WARNING * * *
The eight-headed meat hydra roars!
You hear a shout!
The large bag of meat is engulfed in roaring flames.
You hear a shout! x7
The eight-headed meat hydra calls on the powers of darkness!
The eight-headed meat hydra convulses!
The meat berserker convulses!
The bag of meat convulses! x3; You feel a surge of unholy energy.
The large bag of meat convulses! x2; The bag of meat convulses! x4
The bag of meat is engulfed in roaring flames.
The bag of meat hits you with a +9 war axe!!!
You die...

.###.. ...###...
.o.....###........
#........_.........
...o..#.....# .%...
......#_.<._#......
......#.....#......
....o..._.........
....oDO###........
.###)§o@...###...
#§C§C...# ..
#§§§§...#
...o§§..oo...
...............
................#
.............D##..
....#.....%..#. ..
.............#


You could see 2 eight-headed meat hydras, 2 large bags of meat, a meat berserker
(berserk) and 7 bags of meat.

Vanquished Creatures
  11 ogres (D)
  23 orcs (D)
  2 hill giants (D)
36 creatures vanquished.

Notes
Turn   | Place    | Note
-------+----------+-------------------------------------------
     0 | D        | Faca the Hill Orc Berserker began the quest for the Orb.
     0 | D        | Reached XP level 1. HP: 19/19 MP: 1/1
     6 | D        | Noticed a bag of meat
     6 | D        | Noticed a bag of meat
     7 | D        | Noticed a bag of meat
     8 | D        | Noticed a bag of meat
     8 | D        | Noticed a bag of meat
     8 | D        | Noticed a bag of meat
     8 | D        | Noticed a meat berserker
     8 | D        | Noticed a bag of meat
     8 | D        | Noticed a bag of meat
     8 | D        | Noticed a bag of meat
     8 | D        | Noticed a bag of meat
     9 | D        | Noticed a bag of meat
     9 | D        | Noticed a bag of meat
     9 | D        | Noticed a bag of meat
     9 | D        | Killed a bag of meat
     9 | D        | Reached skill level 5 in Axes
     9 | D        | Reached XP level 2. HP: 28/57 MP: 2/2
     9 | D        | Reached XP level 3. HP: 32/64 MP: 3/3
     9 | D        | Reached XP level 4. HP: 36/72 MP: 4/4
     9 | D        | Reached XP level 5. HP: 40/80 MP: 5/5
     9 | D        | Reached XP level 6. HP: 44/88 MP: 6/6
     9 | D        | Reached XP level 7. HP: 47/95 MP: 7/7
     9 | D        | Reached XP level 8. HP: 51/103 MP: 8/8
     9 | D        | Reached XP level 9. HP: 55/111 MP: 9/9
     9 | D        | Reached XP level 10. HP: 59/118 MP: 10/10
     9 | D        | Reached XP level 11. HP: 63/126 MP: 11/11
     9 | D        | Reached XP level 12. HP: 67/134 MP: 12/12
    10 | D        | Noticed a bag of meat
    10 | D        | Noticed a bag of meat
    10 | D        | Noticed a bag of meat
    10 | D        | Noticed a bag of meat
    11 | D        | Noticed a meat berserker
    11 | D        | Noticed a bag of meat
    11 | D        | Noticed a bag of meat
    11 | D        | Killed a meat berserker
    11 | D        | Reached ** piety under Trog
    11 | D        | Reached skill level 10 in Dodging
    11 | D        | Reached XP level 13. HP: 98/154 MP: 13/13
    11 | D        | Reached XP level 14. HP: 103/162 MP: 14/14
    11 | D        | Killed a bag of meat
    12 | D        | Killed a bag of meat
    12 | D        | Reached skill level 27 in Fighting
    12 | D        | Reached skill level 10 in Axes
    12 | D        | Reached skill level 15 in Armour
    12 | D        | Reached XP level 15. HP: 77/174 MP: 15/15
    12 | D        | Reached skill level 27 in Polearms
    12 | D        | Reached *** piety under Trog
    12 | D        | Reached XP level 16. HP: 81/183 MP: 16/16
    13 | D        | Noticed a meat berserker
    13 | D        | Noticed a meat berserker
    13 | D        | Killed a meat berserker
    13 | D        | Reached XP level 17. HP: 85/191 MP: 17/17
    13 | D        | Reached **** piety under Trog
    14 | D        | Reached skill level 27 in Axes
    15 | D        | Reached XP level 18. HP: 89/200 MP: 18/18
    15 | D        | Reached skill level 27 in Armour
    16 | D        | Noticed a meat berserker
    16 | D        | Noticed a large bag of meat
    16 | D        | Reached ***** piety under Trog
    17 | D        | Reached skill level 27 in Dodging
    17 | D        | Reached XP level 19. HP: 93/207 MP: 19/19
    17 | D        | Reached skill level 5 in Spellcasting
    19 | D        | Noticed a meat berserker
    19 | D        | Noticed a large bag of meat
    19 | D        | Killed a meat berserker
    19 | D        | Received a gift from Trog
    19 | D        | Reached skill level 27 in Unarmed Combat
    19 | D        | Reached skill level 10 in Throwing
    19 | D        | Reached XP level 20. HP: 98/216 MP: 19/28
    20 | D        | Killed a meat berserker
    21 | D        | Noticed a meat berserker
    21 | D        | Received a gift from Trog
    22 | D        | Noticed a large bag of meat
    23 | D        | Noticed a meat berserker
    23 | D        | Killed a meat berserker
    23 | D        | Reached skill level 27 in Throwing
    23 | D        | Reached XP level 21. HP: 103/224 MP: 20/30
    23 | D        | Received a gift from Trog
    23 | D        | Reached skill level 10 in Spellcasting
    24 | D        | Noticed a meat berserker
    24 | D        | Killed a meat berserker
    24 | D        | Fell from the grace of Trog
    24 | D        | Reached XP level 22. HP: 92/233 MP: 20/43
    29 | D        | Reached skill level 27 in Stealth
    29 | D        | Reached XP level 23. HP: 81/240 MP: 21/50
    30 | D        | Reached skill level 27 in Spellcasting
    31 | D        | Reached XP level 24. HP: 63/249 MP: 21/54
    33 | D        | HP: 2/249 [something (16)]
    33 | D        | Annihilated by a bag of meat

Vault maps used:
D:        meatsprint

Skill      XL: |  1  2  3  4  5  6  7  8  9 10 11 12 13 14 15 16 17 18 19 20 21 22 23 |
---------------+----------------------------------------------------------------------+-----
Fighting       | 20 25 27 | 27.0
Axes           | 5 7 10 17 24 27 | 27.0
Polearms       | 19 23 26 27 | 27.0
Armour         | 11 13 15 18 22 26 27 | 27.0
Dodging        | 7 10 11 14 17 21 27 | 27.0
Throwing       | 10 27 | 27.0
Stealth        | 6 7 20 27 | 27.0
Unarmed Combat | 27 | 27.0
Spellcasting   | 5 6 17 23 27 | 27.0

Action                   |  1- 3 |  4- 6 |  7- 9 | 10-12 | 13-15 | 16-18 | 19-21 | 22-24 || total
-------------------------+-------+-------+-------+-------+-------+-------+-------+-------++-------
Melee: Executioner's axe |     1 |       |       |     1 |     1 |     5 |     5 |     5 ||    18
  Use: Potion            |       |       |       |     1 |       |       |       |       ||     1
